 Dungeon Crawl Stone Soup version 0.28.0-1-gb440e238dd (webtiles) character file.

Game seed: 14659263765383760636

181 croobank the Firebug (level 5, 0/33 (37) HPs)
             Began as a Gnoll Fire Elementalist on Feb 27, 2022.
             Slain by a goblin (6 damage)
             ... led by Robin
             ... on level 3 of the Dungeon.
             The game lasted 00:06:01 (1964 turns).

croobank the Firebug (Gnoll Fire Elementalist)      Turns: 1964, Time: 00:06:02

HP:   0/33 (37)     AC:  2    Str:  7    XL:     5   Next: 61%
MP:   7/12          EV: 13    Int: 17    God:
Gold: 134           SH:  0    Dex: 12    Spells: 7/14 levels left

rFire   x . .      SeeInvis +   q - +0 hand axe
rCold   + . .      Faith    .   (no shield)
rNeg    + . .      Spirit   .   a - +0 robe
rPois   +          Reflect  .   (no helmet)
rElec   .          Harm     .   (no cloak)
rCorr   .          Rampage  .   (no gloves)
Will    .....                   (no boots)
Stlth   +++.......              (no amulet)
HPRegen 0.11/turn               p - ring "Ugorgh" {Ice rPois rN+ SInv}
MPRegen 0.13/turn               (no ring)

@: heavily drained
A: fangs 1, strong nose, distributed training
a: no special abilities


You were on level 3 of the Dungeon.
You visited 1 branch of the dungeon, and saw 3 of its levels.

You collected 134 gold pieces.

Inventory:

Hand Weapons
 g - a +0 club
 m - a +0 dagger
 q - a +0 hand axe (weapon)
Missiles
 b - 40 sling bullets
 e - 20 stones
 k - 2 boomerangs (quivered)
Armour
 a - a +0 robe (worn)
Jewellery
 p - the ring "Ugorgh" (left hand) {Ice rPois rN+ SInv}
   (You found it on level 2 of the Dungeon)

   [ring of ice]

   It enhances your ice magic.
   rF:        It makes you vulnerable to fire.
   rC:        It protects you from cold.
   rPois:     It protects you from poison.
   rN:        It protects you from negative energy.
   SInv:      It lets you see invisible.
Scrolls
 c - a scroll of immolation
 f - 2 scrolls of fog
 i - 2 scrolls of enchant armour {unknown}
 j - a scroll of teleportation {unknown}
 n - a scroll of holy word {unknown}
Potions
 d - 4 potions of curing
 h - a potion of attraction {unknown}
 o - 2 potions of brilliance {unknown}
 r - a potion of mutation {unknown}


   Skills:
 + Level 1.5 Fighting
 + Level 1.5 Short Blades
 + Level 1.5 Long Blades
 + Level 1.5 Axes
 + Level 1.5 Maces & Flails
 + Level 1.5 Polearms
 + Level 1.5 Staves
 + Level 1.5 Slings
 + Level 1.5 Bows
 + Level 1.5 Crossbows
 + Level 1.5 Throwing
 + Level 1.5 Armour
 + Level 4.8 Dodging
 + Level 4.4 Stealth
 + Level 1.5 Shields
 + Level 1.5 Unarmed Combat
 + Level 5.2 Spellcasting
 + Level 2.4 Conjurations
 + Level 1.2 Hexes
 + Level 1.2 Summonings
 + Level 1.2 Necromancy
 + Level 1.2 Translocations
 + Level 1.2 Transmutations
 + Level 5.5 Fire Magic
 + Level 1.2 Ice Magic
 + Level 1.2 Air Magic
 + Level 1.2 Earth Magic
 + Level 1.2 Poison Magic
 + Level 1.7 Invocations
 + Level 1.5 Evocations


You had 7 spell levels left.
You knew the following spells:

 Your Spells              Type           Power      Damage    Failure   Level
a - Foxfire               Conj/Fire      72%        2x1d7     2%          1
b - Scorch                Fire           46%        2d7       2%          2
c - Flame Wave            Conj/Fire      18%        2d6       26%         4

Your spell library contained the following spells:

 Spells                   Type           Power      Damage    Failure   Level
 Conjure Flame            Conj/Fire      18%        6-21      9%          3
 Inner Flame              Hex/Fire       16%        N/A       11%         3


Dungeon Overview and Level Annotations

Branches:
Dungeon (3/15)

Altars:

Annotations:
D:3 Robin


Innate Abilities, Weirdness & Mutations

You have very sharp teeth.
Your uncanny sense of smell can sniff out nearby items.
Your experience applies equally to all skills.


Message History

You partially resist.
You feel drained. Robin throws the goblin at you!
You hit the goblin. Your bite misses the goblin.
The goblin is moderately wounded.
You closely miss the goblin. The goblin closely misses you.
The goblin hits you with a +0 dagger.
A hobgoblin comes into view.
A goblin comes into view. It is wielding a +0 dagger.
You hit the goblin.
You kill the goblin!
You miss the goblin.
The goblin hits you with a +1 dagger of draining.
You partially resist.
You feel drained. Robin throws the goblin at you! The goblin misses you.
The goblin barely misses you.
A goblin comes into view. It is wielding a +0 club.
You barely miss the goblin. You miss the goblin.
The goblin hits you with a +0 dagger. The goblin misses you.
You hit the goblin.
You kill the goblin!
You hit the goblin but do no damage.
The goblin hits you with a +1 dagger of draining.
You partially resist.
You feel drained.
Casting: Scorch (safe; 2% risk of failure)
Confirm with . or Enter, or press ? or * to list all spells.
Flames lash the goblin.
You kill the goblin!
You hear a shout!
A hobgoblin comes into view.
The goblin hits you with a +1 dagger of draining.
You partially resist.
You feel drained. Robin throws the goblin at you!
An endoplasm comes into view.
You barely miss the goblin. You hit the goblin.
You kill the goblin!
The goblin hits you with a +0 dagger.
An orc comes into view. It is wielding a +0 club.
The goblin hits you with a +0 dagger.
* * * LOW HITPOINT WARNING * * *
You hit the goblin.
The goblin is moderately wounded.
You hit the goblin. The goblin hits you with a +0 dagger.
You die...

######
#.# #
#.# #
#.#
#.#
#.#
#.#
#.#
#g#
#@#
#g#
#g#
.g.
#g.
#.g#
#J.#
o..#


You could see Robin, an orc, an endoplasm, 2 hobgoblins and 3 goblins.

Vanquished Creatures
  Natasha (thrice) (D:2)
  Terence (D:3)
  2 adders (D:2)
  An ufetubus (D:3)
  A worm (D:2)
  A dart slug (D:2)
  7 endoplasms
  2 giant cockroaches
  2 hobgoblins
  3 kobolds (D:2)
  3 quokkas
  A ball python (D:2)
  9 bats
  2 frilled lizards (D:2)
  10 goblins
  13 rats
61 creatures vanquished.

Vanquished Creatures (others)
  88 foxfires
88 creatures vanquished.

Grand Total: 149 creatures vanquished

Notes
Turn   | Place    | Note
-------+----------+-------------------------------------------
     0 | D:1      | croobank the Gnoll Fire Elementalist began the quest for
                  | the Orb.
     0 | D:1      | Reached XP level 1. HP: 13/13 MP: 6/6
   248 | D:1      | Reached XP level 2. HP: 19/19 MP: 5/7
   389 | D:1      | Found a faded altar of an unknown god.
   514 | D:1      | Learned a level 2 spell: Scorch
   861 | D:2      | Reached XP level 3. HP: 25/25 MP: 5/9
   934 | D:2      | Reached skill level 5 in Spellcasting
  1081 | D:2      | Noticed Natasha
  1086 | D:2      | Killed Natasha
  1087 | D:2      | Reached skill level 1 in Fighting
  1087 | D:2      | Reached skill level 1 in Short Blades
  1087 | D:2      | Reached skill level 1 in Long Blades
  1087 | D:2      | Reached skill level 1 in Axes
  1087 | D:2      | Reached skill level 1 in Maces & Flails
  1087 | D:2      | Reached skill level 1 in Polearms
  1087 | D:2      | Reached skill level 1 in Staves
  1087 | D:2      | Reached skill level 1 in Slings
  1087 | D:2      | Reached skill level 1 in Bows
  1087 | D:2      | Reached skill level 1 in Crossbows
  1087 | D:2      | Reached skill level 1 in Throwing
  1087 | D:2      | Reached skill level 1 in Armour
  1087 | D:2      | Reached skill level 1 in Shields
  1087 | D:2      | Reached skill level 1 in Unarmed Combat
  1087 | D:2      | Reached skill level 1 in Invocations
  1087 | D:2      | Reached skill level 1 in Evocations
  1087 | D:2      | Reached XP level 4. HP: 32/32 MP: 8/11
  1127 | D:2      | Identified the ring "Ugorgh" {Ice rPois rN+ SInv}
  1257 | D:2      | Noticed Natasha
  1263 | D:2      | Killed Natasha
  1264 | D:2      | Reached skill level 1 in Hexes
  1264 | D:2      | Reached skill level 1 in Summonings
  1264 | D:2      | Reached skill level 1 in Necromancy
  1264 | D:2      | Reached skill level 1 in Translocations
  1264 | D:2      | Reached skill level 1 in Transmutations
  1264 | D:2      | Reached skill level 1 in Ice Magic
  1264 | D:2      | Reached skill level 1 in Air Magic
  1264 | D:2      | Reached skill level 1 in Earth Magic
  1264 | D:2      | Reached skill level 1 in Poison Magic
  1443 | D:2      | Noticed Natasha
  1450 | D:2      | Killed Natasha
  1451 | D:2      | Reached XP level 5. HP: 30/37 MP: 8/12
  1505 | D:2      | Learned a level 4 spell: Flame Wave
  1886 | D:3      | Noticed Terence
  1893 | D:3      | Killed Terence
  1952 | D:3      | Noticed Robin
  1964 | D:3      | Slain by a goblin

Illustrated notes

Levels and vault maps discovered:
D:1:      minmay_arrival_checkered_box, layout_basic,
          shapermc_ecumenical_altar_mp_vishouse, minmay_misc_feat_pillars,
          minmay_tetromino_o2
D:2:      layout_rooms, minmay_rat_gold_closets, uniq_natasha
D:3:      layout_loops_ring, uniq_robin, uniq_terence

Skill      XL: |  1  2  3  4 |
---------------+-------------+-----
Conjurations   | 2 |  2.4
Spellcasting   | 5 |  5.2
Fighting       | 1 |  1.5
Short Blades   | 1 |  1.5
Long Blades    | 1 |  1.5
Axes           | 1 |  1.5
Maces & Flails | 1 |  1.5
Polearms       | 1 |  1.5
Staves         | 1 |  1.5
Slings         | 1 |  1.5
Bows           | 1 |  1.5
Crossbows      | 1 |  1.5
Throwing       | 1 |  1.5
Armour         | 1 |  1.5
Shields        | 1 |  1.5
Unarmed Combat | 1 |  1.5
Invocations    | 1 |  1.7
Evocations     | 1 |  1.5
Hexes          | 1 |  1.2
Summonings     | 1 |  1.2
Necromancy     | 1 |  1.2
Translocations | 1 |  1.2
Transmutations | 1 |  1.2
Ice Magic      | 1 |  1.2
Air Magic      | 1 |  1.2
Earth Magic    | 1 |  1.2
Poison Magic   | 1 |  1.2
Dodging        | |  4.8
Stealth        | |  4.4
Fire Magic     | |  5.5

Action                   |  1- 3 |  4- 6 || total
-------------------------+-------+-------++-------
Melee: Unarmed           |     3 |       ||     3
       Hand axe          |       |    17 ||    17
       Bite              |       |     2 ||     2
 Cast: Foxfire           |    36 |    22 ||    58
       Scorch            |     2 |    16 ||    18
  Use: Scroll            |       |     4 ||     4
 Stab: Sleeping          |       |     3 ||     3
Armor: Robe              |     1 |     2 ||     3
Dodge: Dodged            |     5 |    15 ||    20
